 Dungeon Crawl Stone Soup version 0.29.1-15-g9cfb28693d (webtiles) character file.

Game seed: 1800145251250785008

115842 Jase the Brawler (level 16, -1/129 HPs)
             Began as a Naga Transmuter on Apr 24, 2023.
             Was the Champion of Hepliaklqana.
             Slain by an entropy weaver (9 damage)
             ... on level 3 of the Spider Nest on Apr 25, 2023.
             The game lasted 03:10:28 (35975 turns).

Jase the Brawler (Naga Transmuter)                 Turns: 35975, Time: 03:10:28

Health: -1/129     AC:  6    Str: 15    XL:     16   Next: 69%
Magic:  27/27      EV: 20    Int: 19    God:    Hepliaklqana [******]
Gold:   1907       SH:  5    Dex: 12    Spells: 7/29 levels left

rFire   + . .      SeeInvis +     - Unarmed
rCold   . . .      Faith    .   (shield currently unavailable)
rNeg    . . .      Spirit   .   y - +2 robe {rF+}
rPois   +          Reflect  +   S - +2 hat
rElec   .          Harm     .   c - scarf {+Inv}
rCorr   +          Rampage  .   (gloves currently unavailable)
Will    ++...                   (no barding)
Stlth   +.........              K - amulet of Fefis {Reflect rCorr SH+5}
HPRegen 0.31/turn               n - +4 ring of evasion
MPRegen 0.20/turn               L - +4 ring of evasion

@: blade hands, wereblooded, corroded, on berserk cooldown, slowed, very slow
A: reduced essence, AC +5, large, see invisible, deformed body, poison
resistance, slowness 2, spit poison 1, naga tail 2
a: Spit Poison, End Transformation, Renounce Religion, Evoke Invisibility,
Recall Ancestor, Ancestor Identity, Transference, Idealise


You were on level 3 of the Spider Nest.
You worshipped Hepliaklqana.
Hepliaklqana was exalted by your worship.
You had blades for hands.
You visited 4 branches of the dungeon, and saw 22 of its levels.
You also visited: Bailey, Gauntlet and Ice Cave.

You collected 2120 gold pieces.
You spent 213 gold pieces at shops.

Inventory:

Missiles
 j - 64 poisoned darts
 z - 34 boomerangs
 M - 2 curare-tipped darts
 T - 3 throwing nets
Armour
 c - a scarf of invisibility (worn)
 p - a +0 pair of gloves (melded)
 y - a +2 robe of fire resistance (worn)
 S - a +2 hat (worn)
 X - a +4 ring mail of cold resistance
Jewellery
 n - a +4 ring of evasion (left blade hand)
 E - the ring of Conformity {Fly Str-4 Int+3 Dex+4}
   (You found it on level 7 of the Dungeon)

   [ring of flight]

   Str:       It affects your strength (-4).
   Int:       It affects your intelligence (+3).
   Dex:       It affects your dexterity (+4).
   Fly:       It grants you flight.
 K - the amulet of Fefis (around neck) {Reflect rCorr SH+5}
   (You acquired it in a bailey)

   [amulet of reflection]

   It reflects blocked missile attacks.
   rCorr:     It protects you from acid and corrosion.
   SH:        It affects your SH (+5).
 L - a +4 ring of evasion (right blade hand)
 O - a ring of protection from fire
 R - the ring of Shadows {Umbra +Inv Stlth+}
   (You took it off a minotaur in a Gauntlet)

   [ring of stealth]

   It surrounds you with an aura of shadow, increasing your stealth and reducing
   the accuracy of all others within it.
   +Inv:      It lets you turn invisible.
   Stlth:     It makes you more stealthy.
 Y - a ring of fire
Wands
 b - a wand of polymorph (9)
 i - a wand of quicksilver (5)
 m - a wand of charming (27)
 A - a wand of mindburst (12)
 D - a wand of flame (60)
 P - a wand of iceblast (9)
Scrolls
 d - 2 scrolls of magic mapping
 e - a scroll of summoning
 k - 6 scrolls of fear
 u - 8 scrolls of teleportation
 B - 2 scrolls of fog
 C - 3 scrolls of silence
 H - 4 scrolls of amnesia
 I - 3 scrolls of enchant armour
 J - 2 scrolls of poison
Potions
 f - 7 potions of resistance
 g - 12 potions of curing
 h - 3 potions of cancellation
 l - 2 potions of heal wounds
 o - a potion of ambrosia
 r - 3 potions of flight
 t - 5 potions of mutation
 w - 4 potions of brilliance
 x - 5 potions of berserk rage
 F - 6 potions of magic
 N - a potion of haste
Miscellaneous
 a - a condenser vane
 Z - a box of beasts (inert)


   Skills:
 + Level 9.2 Fighting
 - Level 7.0 Dodging
 + Level 15.8 Unarmed Combat
 + Level 7.3 Spellcasting
 - Level 6.0 Conjurations
 * Level 14.8 Transmutations
 - Level 3.0 Fire Magic
 + Level 9.3 Poison Magic
 - Level 10.0 Invocations
 + Level 7.8 Evocations


You had 7 spell levels left.
You knew the following spells:

 Your Spells              Type           Power      Damage    Failure   Level
a - Blade Hands           Tmut           29%        N/A       13%         5
b - Wereblood             Tmut           59%        N/A       4%          2
c - Spider Form           Tmut/Pois      52%        N/A       9%          3
d - Irradiate             Conj/Tmut      23%        3d19      28%         5
f - Olgreb's Toxic Radia  Pois           42%        N/A       21%         4
g - Ignite Poison         Fire/Tmut/Pois 41%        N/A       13%         3

Your spell library contained the following spells:

 Spells                   Type           Power      Damage    Failure   Level
 Beastly Appendage        Tmut           100%       N/A       4%          1
 Sting                    Tmut/Pois      100%       1d8       6%          1
 Magic Dart               Conj           100%       1d8       14%         1
 Poisonous Vapours        Pois/Air       48%        N/A       22%         2
 Mephitic Cloud           Conj/Pois/Air  26%        N/A       28%         3
 Ice Form                 Ice/Tmut       35%        N/A       32%         4
 Apportation              Tloc           12%        N/A       45%         1
 Necrotise                Necr           24%        1d5       45%         1
 Slow                     Hex            24%        N/A       45%         1
 Summon Small Mammal      Summ           24%        N/A       45%         1
 Yara's Violent Unravell  Hex/Tmut       17%        3d8       52%         5
 Call Imp                 Summ           6%         N/A       54%         2
 Sublimation of Blood     Necr           6%         N/A       54%         2
 Dragon Form              Tmut           29%        N/A       61%         7
 Iskenderun's Battlesphe  Conj           29%        2d8       65%         5
 Corpse Rot               Necr/Pois/Air  18%        N/A       69%         4
 Confusing Touch          Hex            6%         N/A       71%         3
 Frozen Ramparts          Ice            12%        1d2       71%         3
 Ozocubu's Armour         Ice            6%         N/A       71%         3
 Vampiric Draining        Necr           6%         2d6       71%         3
 Hailstorm                Conj/Ice       18%        3d6       71%         4
 Animate Dead             Necr           6%         N/A       95%         4
 Summon Ice Beast         Ice/Summ       6%         N/A       95%         4
 Freezing Cloud           Conj/Ice/Air   7%         6-21      97%         5
 Borgnjor's Vile Clutch   Necr/Erth      3%         N/A       99%         5
 Death Channel            Necr           3%         N/A       100%        6
 Iron Shot                Conj/Erth      9%         9d3       100%        6
 Simulacrum               Ice/Necr       3%         N/A       100%        6
 Enfeeble                 Hex            3%         N/A       100%        7
 Haunt                    Necr/Summ      3%         N/A       100%        7
 Ozocubu's Refrigeration  Ice            3%         4d8       100%        7
 Spellforged Servitor     Conj/Summ      9%         N/A       100%        7
 Summon Hydra             Summ           3%         N/A       100%        7
 Infestation              Necr           3%         N/A       100%        8


Dungeon Overview and Level Annotations

Branches:
Dungeon (12/15)            Temple (0/1) D:6            Lair (5/5) D:10
 Shoals (0/4) Lair:2       Spider (3/4) Lair:3        Slime (0/5) Lair:4
    Orc (2/2) D:12            Elf (0/3) Orc:2        Bailey (visited)
  IceCv (visited)         Gauntlet (visited)

Altars:
Ashenzari
Cheibriados
Dithmenos
Hepliaklqana
Kikubaaqudgha
Makhleb
Nemelex Xobeh
Okawaru
Qazlal
Trog
Uskayaw
Vehumet
Xom
Yredelemnul
Zin
Jiyva

Shops:
D:1 *   D:3 !   D:5 [   D:12 [(   Orc:2 [=(*

Annotations:
D:4 1 runed translucent door, Crazy Yiuf
D:12 8 exclusions
Lair:5 exclusion: obsidian statue


Innate Abilities, Weirdness & Mutations

You have blades for hands.
Your spellcasting is less reliable in this form.
You are incapable of wielding weapons or throwing items.
Your life essence is reduced to manifest your ancestor. (-10% HP)
Your serpentine skin is tough. (AC +5)
You have supernaturally acute eyesight. (SInv)
Armour fits poorly on your strangely shaped body.
Your system is resistant to poisons. (rPois)
You cover ground very slowly.
You can spit poison.
You can use your snake-like lower body to constrict enemies.


Message History

The entropy weaver hits you.
* * * LOW HITPOINT WARNING * * *
The entropy weaver hits you!
* * * LOW HITPOINT WARNING * * *
The entropy weaver completely misses you.
The entropy weaver barely misses you.
Unknown command.
You slash the tarantella!
You feel a bit better.
You kill the tarantella!
The entropy weaver misses you. You block the entropy weaver's attack.
The entropy weaver hits you but does no damage.
You block the entropy weaver's attack.
You hit the entropy weaver. You grab the entropy weaver.
The entropy weaver is lightly wounded.
You howl as the wereblood boils in your veins!
You constrict the entropy weaver, but do no damage.
The entropy weaver points at you and mumbles some strange words.
The entropic weave corrodes you!
You slice the entropy weaver!!
You slash the entropy weaver, but do no damage.
The entropy weaver is heavily wounded.
You constrict the entropy weaver. The entropy weaver hits you.
* * * LOW HITPOINT WARNING * * *
The entropy weaver hits you but does no damage.
The entropy weaver hits you.
* * * LOW HITPOINT WARNING * * *
The entropy weaver hits you.
* * * LOW HITPOINT WARNING * * *
Unknown command.
You hit the entropy weaver.
The entropy weaver is heavily wounded.
You constrict the entropy weaver, but do no damage.
You block the entropy weaver's attack. x2; The entropy weaver misses you.
The entropy weaver hits you but does no damage.
You slice the entropy weaver!!
The entropy weaver is almost dead.
You constrict the entropy weaver.
The entropy weaver hits you but does no damage. x2
The entropy weaver hits you!
You die...

#.#####.....#...#...##...#.#...^#
...#..#....###..#....##..#.....^#
(........###......##..#.^#...##.#
##..#..#..###.#...#.^##..#..#####
#######..#.###.####..##......#
#.....#.###..#..#...##>##
####...<#.##...####..### .
#...?#..#..B†..#..#..# .
###...#....@.#....##..# .
#...#.##...#.#.#..B...# #B
##.####^.#.#######.s.### ..
###.....###..###..#...# .B
##...####...#####..####.s
#...##..###..^.....B#s... ###
##..#....#.......#^B†Z.#.
##.###...####..[^##...#.#.†##
#....#.#.#^...^.##...####††.#


You could see an entropy weaver.

Vanquished Creatures
  An orc warlord (Orc:2)
  A ghost moth (Spider:3)
  2 broodmothers (Spider:2)
  2 dire elephants (Lair:5)
  An entropy weaver (Spider:2)
  A minotaur (Gauntlet)
  An ettin (Orc:1)
  3 boulder beetles
  4 hydras
  A jorogumo (Spider:2)
  A catoblepas (Lair:5)
  A two-headed ogre (D:12)
  7 death yaks (Lair:5)
  An orc high priest (Orc:2)
  Amaemon (D:11)
  5 pharaoh ants
  A spectral death yak (Lair:5)
  8 orb spiders
  2 steelbarb worms
  A spectral anaconda (Lair:5)
  4 necromancers (Lair:5)
  13 wolf spiders
  An oklob plant (Gauntlet)
  5 orc sorcerers
  8 orc knights
  2 ugly things
  A cyclops (D:11)
  2 merfolk sirens (Lair:2)
  An apocalypse crab (Gauntlet)
  12 elephants
  5 black mambas
  4 moths of wrath
  3 ice statues (IceCv)
  An orange demon (D:11)
  A torpor snail (Spider:3)
  Maggie (D:6)
  2 rime drakes
  4 komodo dragons
  5 demonic crawlers
  An efreet (D:12)
  A freezing wraith (IceCv)
  18 cane toads
  A kobold demonologist (D:10)
  8 trolls
  2 meliai (Spider:2)
  A merfolk (Lair:2)
  A polar bear (Lair:5)
  Grinder (D:3)
  16 tarantellas
  5 blink frogs (Lair:3)
  Sigmund (D:2)
  18 culicivoras
  2 shadows (D:12)
  8 jumping spiders
  A ynoxinul (Gauntlet)
  A vampire (D:12)
  5 wraiths
  34 yaks
  A water elemental (D:12)
  32 redbacks
  2 steam dragons
  3 basilisks
  4 vampire mosquitoes (D:12)
  3 death yak simulacra
  A spectral cane toad (Lair:5)
  Edmund (D:6)
  2 harpy simulacra (IceCv)
  4 wargs
  7 water moccasins
  3 acid dragons
  Duvessa (D:6)
  A sky beast (D:6)
  3 black bears
  An elephant zombie (Lair:5)
  25 orc warriors
  7 wolves
  2 elephant skeletons (Lair:5)
  4 centaurs
  8 ogres
  10 bullfrogs
  A gnoll sergeant (D:12)
  A necrophage (D:6)
  A cane toad simulacrum (Lair:5)
  3 scorpions
  6 wights
  Dowan (D:6)
  12 killer bees
  An elephant simulacrum (IceCv)
  A howler monkey (D:12)
  7 electric eels
  2 hounds (D:10)
  4 jellies
  A gnoll bouda (D:5)
  20 orc priests
  3 iron imps (Gauntlet)
  Jessica (D:2)
  3 iguanas
  17 orc wizards
  2 wolf simulacra (IceCv)
  3 hexers
  Robin (D:4)
  10 gnolls
  10 adders
  A worm (D:2)
  3 dart slugs
  45 orcs
  4 bats
  4 endoplasms
  5 giant cockroaches
  21 goblins
  14 hobgoblins
  10 jackals
  3 quokkas
  9 ball pythons
  3 frilled lizards
  12 kobolds
  8 rats
623 creatures vanquished.

Vanquished Creatures (collateral kills)
  An emperor scorpion (Spider:2)
  A broodmother (Spider:3)
  Josephine (D:10)
  2 hydras
  A boulder beetle (Orc:1)
  A radroach (Spider:2)
  2 orc high priests
  2 pharaoh ants
  A steelbarb worm (Spider:1)
  Pikel (D:9)
  An orc knight (Orc:1)
  A deep elf pyromancer (D:12)
  2 wolf spiders
  An orc sorcerer (Orc:2)
  9 elephants
  A torpor snail (Spider:1)
  A black mamba (Lair:1)
  A cane toad (Lair:2)
  2 komodo dragons
  A kobold demonologist (D:9)
  A meliai (Spider:2)
  A troll (D:9)
  A polar bear (Lair:2)
  2 tarantellas
  A slime creature (Lair:4)
  A jumping spider (Spider:2)
  A shadow (D:11)
  5 culicivoras
  11 yaks
  A wyvern (D:9)
  2 steam dragons
  6 redbacks
  A harpy simulacrum (IceCv)
  A warg (Orc:2)
  A water moccasin (Lair:5)
  17 orc warriors
  A sky beast (D:6)
  A black bear (Lair:3)
  2 ogres
  5 kobold brigands
  3 bullfrogs
  A gnoll sergeant (D:5)
  3 scorpions (D:5)
  A cane toad simulacrum (IceCv)
  4 wights
  5 killer bees
  6 electric eels
  2 jellies
  An orc priest (Orc:2)
  4 hounds
  An iron imp (Gauntlet)
  2 iguanas
  6 orc wizards
  9 gnolls
  2 adders (D:5)
  A white imp (D:7)
  29 orcs
  2 endoplasms (D:4)
  2 hobgoblins (D:4)
  4 jackals
  6 kobolds
  2 quokkas
  5 goblins
196 creatures vanquished.

Vanquished Creatures (others)
  An orc warrior (Bailey)
  19 hexers
  2 ancestors (D:4)
  An orc (Bailey)
  25 fungi
  100 plants
  16 withered plants (Lair:5)
164 creatures vanquished.

Grand Total: 983 creatures vanquished

Notes
Turn   | Place    | Note
-------+----------+-------------------------------------------
     0 | D:1      | Jase the Naga Transmuter began the quest for the Orb.
     0 | D:1      | Reached XP level 1. HP: 18/18 MP: 3/3
   260 | D:1      | Reached XP level 2. HP: 25/25 MP: 3/5
   268 | D:1      | Learned a level 2 spell: Wereblood
   473 | D:1      | Found Sim Aplel's General Store.
   869 | D:1      | Bought a potion of might for 44 gold pieces
  1122 | D:1      | Reached XP level 3. HP: 30/31 MP: 4/6
  1126 | D:1      | Learned a level 3 spell: Spider Form
  1509 | D:2      | Noticed Sigmund
  1525 | D:2      | Killed Sigmund
  1526 | D:2      | Reached skill level 4 in Unarmed Combat
  1526 | D:2      | Reached XP level 4. HP: 21/39 MP: 7/7
  1526 | D:2      | Reached XP level 5. HP: 24/45 MP: 8/8
  1797 | D:2      | Reached XP level 6. HP: 55/55 MP: 7/9
  1917 | D:2      | Found a hazy altar of Hepliaklqana.
  1922 | D:2      | Became a worshipper of Hepliaklqana the Forgotten
  2449 | D:2      | Noticed Jessica
  2455 | D:2      | Killed Jessica
  2601 | D:3      | Noticed Grinder
  2710 | D:3      | Found Kere's Distillery.
  2728 | D:3      | Bought a potion of degeneration for 12 gold pieces
  3073 | D:3      | Reached * piety under Hepliaklqana
  3517 | D:3      | Killed Grinder
  3518 | D:3      | Reached skill level 5 in Transmutations
  3518 | D:3      | Reached skill level 1 in Invocations
  3518 | D:3      | Reached XP level 7. HP: 40/55 MP: 10/10
  3629 | D:3      | Got the Spellbook of the Magi
  3755 | D:4      | Found a basalt altar of Yredelemnul.
  3789 | D:4      | Noticed Robin
  3826 | D:4      | Killed Robin
  3950 | D:1      | Bought a potion of curing for 33 gold pieces
  4334 | D:4      | Reached skill level 5 in Unarmed Combat
  4517 | D:4      | Identified the +4 quarterstaff of Xom's Whim {flame, Dex+3}
  4621 | D:1      | Bought a scroll of immolation for 44 gold pieces
  4719 | D:4      | Found a runed translucent door.
  4720 | D:4      | Noticed Crazy Yiuf
  4838 | D:5      | Entered Level 5 of the Dungeon
  4971 | D:5      | Reached ** piety under Hepliaklqana
  4972 | D:5      | Remembered your ancestor IT'S as a hexer
  4985 | D:5      | Found Zulog's Antique Armour Shop.
  5012 | D:5      | Reached XP level 8. HP: 61/62 MP: 11/11
  5686 | D:5      | Found a snail-covered altar of Cheibriados.
  5709 | D:5      | Found a burning altar of Makhleb.
  5912 | D:5      | Reached skill level 1 in Poison Magic
  6355 | D:5      | Noticed an angel
  6356 | D:5      | Found a glowing silver altar of Zin.
  6485 | D:5      | Found a bloodstained altar of Trog.
  6610 | D:6      | Noticed Edmund
  6618 | D:6      | Reached skill level 6 in Unarmed Combat
  6618 | D:6      | Reached XP level 9. HP: 52/70 MP: 12/12
  6623 | D:6      | Killed Edmund
  6743 | D:6      | Noticed Maggie
  6760 | D:6      | Killed Maggie
  6899 | D:6      | Found a sparkling altar of Nemelex Xobeh.
  7035 | D:3      | Bought a potion of brilliance for 48 gold pieces
  7143 | D:6      | Reached skill level 5 in Invocations
  7227 | D:6      | Noticed Dowan
  7228 | D:6      | Noticed Duvessa
  7236 | D:6      | Killed Dowan
  7266 | D:6      | Killed Duvessa
  7616 | D:6      | Learned a level 3 spell: Ignite Poison
  7935 | D:6      | Reached *** piety under Hepliaklqana
  8063 | D:6      | Found a staircase to the Ecumenical Temple.
  8260 | D:7      | Found a shadowy altar of Dithmenos.
  8751 | D:7      | Reached XP level 10. HP: 73/78 MP: 14/14
  9068 | D:7      | Reached skill level 7 in Unarmed Combat
  9082 | D:7      | Reached skill level 1 in Fire Magic
  9272 | D:7      | Reached skill level 5 in Fighting
  9310 | D:7      | Identified the ring of Conformity {Fly Str-4 Int+3 Dex+4}
  9434 | D:8      | Found a radiant altar of Vehumet.
  9460 | D:8      | Reached skill level 5 in Poison Magic
 10288 | D:8      | Found a shimmering altar of Xom.
 10306 | D:8      | Found a hide-covered altar of Uskayaw.
 10306 | D:8      | Found an ancient bone altar of Kikubaaqudgha.
 10775 | D:9      | Found a broken altar of Ashenzari.
 10779 | D:9      | Found a flagged portal.
 10780 | D:9      | Reached **** piety under Hepliaklqana
 10795 | Bailey   | Entered a bailey
 11161 | Bailey   | Reached skill level 10 in Transmutations
 11715 | Bailey   | Identified the +6 chain mail "Ymoimom" {rN+}
 11885 | Bailey   | Acquired the amulet of Fefis {Reflect rCorr SH+5}
 12121 | Bailey   | Noticed an orc high priest
 12122 | Bailey   | Noticed an orc sorcerer
 12124 | Bailey   | Found an iron altar of Okawaru.
 12127 | Bailey   | Noticed an orange demon
 12131 | Bailey   | Killed an orc sorcerer
 12132 | Bailey   | Reached XP level 11. HP: 76/84 MP: 16/16
 12149 | Bailey   | Killed an orc high priest
 12150 | Bailey   | Reached skill level 8 in Unarmed Combat
 12391 | Bailey   | Identified the +2 rapier of Theory {drain, rN+ Stlth+}
 12784 | D:9      | Found an iron altar of Okawaru.
 12847 | D:9      | Learned a level 5 spell: Blade Hands
 13031 | D:9      | Noticed a sixfirhy
 13266 | D:9      | Noticed Pikel
 13276 | D:9      | Killed Pikel
 14081 | D:10     | Entered Level 10 of the Dungeon
 14549 | D:10     | Noticed a soul eater
 14829 | D:10     | Found a staircase to the Lair.
 15315 | D:10     | Reached skill level 9 in Unarmed Combat
 15343 | D:10     | Found a stormy altar of Qazlal.
 15343 | D:10     | Noticed Josephine
 15350 | D:10     | Killed Josephine
 15749 | D:11     | Noticed Amaemon
 15824 | D:11     | Found a frozen archway.
 15861 | IceCv    | Entered an ice cave
 15867 | IceCv    | Reached XP level 12. HP: 72/95 MP: 10/18
 17073 | D:11     | Killed Amaemon
 17087 | D:11     | Reached skill level 10 in Unarmed Combat
 17238 | D:11     | Identified the +5 shortbow of Xesodgh {vorpal, *Slow rPois
                  | rN+ Dex-4 SInv}
 17243 | D:11     | Noticed a boulder beetle
 17254 | D:11     | Killed a boulder beetle
 18356 | D:12     | Found Wokhlown's Weapon Shop.
 18364 | D:12     | Found a staircase to the Orcish Mines.
 18494 | D:12     | Noticed a two-headed ogre
 18501 | D:12     | Killed a two-headed ogre
 18508 | D:12     | Found a gate leading to a gauntlet.
 18517 | Gauntlet | Entered a Gauntlet
 18517 | Gauntlet | Found a transporter.
 18731 | Gauntlet | Found a transporter.
 18746 | Gauntlet | Found a transporter.
 18747 | Gauntlet | Reached ***** piety under Hepliaklqana
 18751 | Gauntlet | Found a transporter.
 18768 | Gauntlet | Found a transporter.
 18786 | Gauntlet | Found a transporter.
 18798 | Gauntlet | Found a transporter.
 18810 | Gauntlet | Found a transporter.
 18821 | Gauntlet | Noticed a great orb of eyes
 18822 | Gauntlet | Found a transporter.
 18830 | Gauntlet | Found a transporter.
 18830 | Gauntlet | Found a transporter.
 18830 | Gauntlet | Found a transporter.
 18847 | Gauntlet | Found a transporter.
 18847 | Gauntlet | Noticed a quicksilver ooze
 18864 | Gauntlet | Found a transporter.
 18884 | Gauntlet | Found a transporter.
 18909 | Gauntlet | Found a transporter.
 18941 | Gauntlet | Found a transporter.
 19019 | Gauntlet | Found a transporter.
 19359 | Gauntlet | Identified the ring "Afiuj" {rC- Will+ rCorr AC+4 Int+3}
 19361 | Gauntlet | Identified the +3 ring mail of Cocytus {Harm Will- Int+5
                  | Stlth+}
 19397 | Gauntlet | Noticed a minotaur
 19423 | Gauntlet | Killed a minotaur
 19424 | Gauntlet | Reached skill level 11 in Unarmed Combat
 19693 | D:12     | Gained mutation: You can use your snake-like lower body to
                  | constrict enemies. [Naga growth]
 19693 | D:12     | Reached XP level 13. HP: 98/103 MP: 14/20
 19880 | D:12     | Found Japlaschi's Armour Shop.
 19906 | D:12     | Reached skill level 5 in Spellcasting
 20046 | D:12     | Reached skill level 5 in Dodging
 20463 | Lair:1   | Entered Level 1 of the Lair of Beasts
 21850 | Lair:2   | You fall into a shaft and drop 2 floors!
 21873 | Lair:4   | Reached skill level 10 in Invocations
 22353 | Lair:3   | Reached skill level 12 in Unarmed Combat
 22353 | Lair:3   | Reached skill level 1 in Evocations
 23387 | Lair:2   | Found a staircase to the Shoals.
 23716 | Lair:2   | Reached ****** piety under Hepliaklqana
 24316 | Lair:3   | Found a hole to the Spider Nest.
 24903 | Lair:4   | Found a viscous altar of Jiyva.
 24903 | Lair:4   | Found a staircase to the Slime Pits.
 24928 | Lair:4   | Reached XP level 14. HP: 107/113 MP: 19/23
 25065 | Lair:4   | Reached skill level 1 in Conjurations
 25274 | Lair:4   | Identified the +4 chain mail of Protective Custody {Regen+
                  | Str+2}
 26001 | Orc:1    | Entered Level 1 of the Orcish Mines
 26073 | Orc:2    | Entered Level 2 of the Orcish Mines
 26332 | Orc:2    | Reached skill level 13 in Unarmed Combat
 26903 | Orc:2    | Found Ymebipem's Jewellery Shoppe.
 27083 | Orc:2    | Found Zema's Antique Weapon Emporium.
 27083 | Orc:2    | Noticed an orc warlord
 27100 | Orc:2    | Killed an orc warlord
 27162 | Orc:2    | Found a staircase to the Elven Halls.
 27294 | Orc:2    | Found Zuiqom's Antique Armour Shop.
 27472 | Orc:2    | Found Cumogieg's General Store.
 27847 | Orc:2    | Bought a scroll of identify for 32 gold pieces
 29326 | Lair:4   | Learned a level 5 spell: Irradiate
 29327 | Lair:5   | Entered Level 5 of the Lair of Beasts
 29355 | Lair:5   | Reached skill level 5 in Evocations
 29806 | Lair:5   | Reached XP level 15. HP: 68/118 MP: 19/25
 29816 | Lair:5   | Reached skill level 14 in Unarmed Combat
 30794 | Lair:5   | Learned a level 4 spell: Olgreb's Toxic Radiance
 31075 | Lair:5   | Reached skill level 5 in Conjurations
 32061 | Spider:1 | Entered Level 1 of the Spider Nest
 33288 | Spider:2 | Reached skill level 15 in Unarmed Combat
 33730 | Spider:2 | Reached XP level 16. HP: 53/129 MP: 2/26
 35975 | Spider:3 | Slain by an entropy weaver

Illustrated notes

Levels and vault maps discovered:
D:1:      minmay_arrival_stair_chambers, layout_basic, serial_shops,
          nicolae_shop_stone
D:2:      layout_loops_ring, basic_altar, kennysheep_generic_room_3,
          uniq_sigmund, uniq_jessica
D:3:      layout_basic, serial_shops, shop, kennysheep_generic_room_8,
          uniq_grinder
D:4:      layout_rooms, lemuel_tele_altar, hangedman_abyss_or_decor_slice,
          minmay_misc_feat_room, hangedman_decor_lopped, minmay_bent,
          uniq_robin, uniq_crazy_yiuf_cottage
D:5:      layout_rooms, zin_angel, mainiacjoe_overflow_catch_the_wave,
          lemuel_round_altar, serial_shops, nicolae_shop_advertising_works
          [nicolae_subvault_shop_adworks], minmay_increasing_density
D:6:      layout_loops_ring, mainiacjoe_overflow_chevrons,
          minmay_temple_entry_statues_pillars, uniq_maggie, uniq_edmund,
          uniq_duvessa
D:7:      layout_rooms, nicolae_dithmenos_through_a_glass_darkly, serial_rivers,
          chequers_serial_rivers_micro_d, chequers_serial_rivers_micro_c,
          chequers_serial_rivers_micro_a, chequers_serial_rivers_small_3,
          grunt_ministairs_6, lemuel_flamethrower_2
D:8:      layout_loops_ring, grunt_temple_overflow_open
D:9:      layout_grid_maze, overflow_temple_1_default,
          kennysheep_okawaru_gauntlet, enter_bailey_2, uniq_pikel
D:10:     layout_roguey, nicolae_qazlal_general_emergency, erik_lair_island,
          nrook_loot_triangle, kennysheep_flooded_box, grunt_ministairs_3,
          nrook_campfire, uniq_josephine
D:11:     layout_small_grid, portal_ice_cave_entry_pillars_1, uniq_amaemon
D:12:     layout_basic, orc_david_3, gauntlet_entry_generic
Lair:1:   cheibrodos_lair_river_kwai, layout_chaotic_city, lemuel_fruit_tree,
          lemuel_fruit_fields
Lair:2:   layout_gridlike, elwin_shoals_entry_rooms, serial_bayou_shore_b
Lair:3:   layout_misc_corridors, spider_nest_entry_funnel_web,
          grunt_megastairs_5
Lair:4:   layout_regular_city, minmay_slime_entry_pillars,
          infiniplex_staircase_pool_2
Lair:5:   due_jungle_book, layout_big_grid, grunt_megastairs_1,
          serial_bayou_shore_b
Spider:1: layout_cave_pods
Spider:2: layout_spider_delve, nicolae_spider_some_kinda_spiderbox
Spider:3: layout_spider_delve
Orc:1:    layout_diamond_mine, lemuel_statue_altar, rock_pile
Orc:2:    grunt_orc_gardens, layout_caves, grunt_orc_garden, grunt_orc_garden,
          grunt_orc_garden, grunt_orc_garden

Skill      XL: |  1  2  3  4  5  6  7  8  9 10 11 12 13 14 15 16 |
---------------+-------------------------------------------------+-----
Dodging        | 2 3 4 5 6 7 |  7.0
Transmutations | 4 5 6 7 9 10 11 12 13 14 | 14.8
Fighting       | 2 3 4 5 6 7 8 9 |  9.2
Unarmed Combat | 4 5 6 7 9 11 12 13 15 | 15.8
Invocations    | 1 3 4 5 6 8 9 10 | 10.0
Poison Magic   | 1 4 5 7 9 |  9.3
Fire Magic     | 3 |  3.0
Spellcasting   | 3 4 6 7 |  7.3
Evocations     | 3 5 6 7 |  7.8
Conjurations   | 4 6 |  6.0

Action                   |  1- 3 |  4- 6 |  7- 9 | 10-12 | 13-15 | 16-18 || total
-------------------------+-------+-------+-------+-------+-------+-------++-------
Melee: Unarmed           |    62 |    77 |   248 |   509 |   655 |   163 ||  1714
       Headbutt          |     8 |    12 |    63 |    58 |       |       ||   141
       Punch             |       |     8 |    12 |    23 |    81 |    23 ||   147
       Constrict         |       |       |       |       |   161 |    38 ||   199
 Cast: Beastly Appendage |    25 |    22 |    40 |    34 |       |       ||   121
       Wereblood         |     2 |     3 |    14 |    16 |    13 |     2 ||    50
       Spider Form       |       |       |     2 |    13 |       |       ||    15
       Ignite Poison     |       |       |       |    18 |    10 |     8 ||    36
       Blade Hands       |       |       |       |    31 |   100 |    16 ||   147
       Olgreb's Toxic Ra |       |       |       |       |     8 |     7 ||    15
Invok: Ancestor Identity |       |     1 |       |       |       |       ||     1
       Ancestor Life: He |       |       |     1 |       |       |       ||     1
       Recall Ancestor   |       |       |     1 |     5 |     8 |     2 ||    16
       Transference      |       |       |       |     2 |     1 |     1 ||     4
       Idealise          |       |       |       |       |     2 |       ||     2
 Abil: Spit Poison       |    24 |    20 |    33 |    33 |     5 |       ||   115
       End Transformatio |       |       |     1 |     1 |       |       ||     2
Evoke: Wand              |       |       |     1 |     3 |     9 |     4 ||    17
       Condenser vane    |       |       |       |       |     1 |       ||     1
       Box of beasts     |       |       |       |       |       |     1 ||     1
  Use: Potion            |     1 |       |       |     7 |     6 |     5 ||    19
       Scroll            |       |       |    10 |     9 |     9 |     1 ||    29
 Stab: Sleeping          |       |       |     2 |       |       |       ||     2
       Confused          |       |       |     2 |     6 |    10 |     1 ||    19
       Distracted        |       |       |     2 |     9 |     9 |     2 ||    22
       Paralysed         |       |       |       |       |    12 |     7 ||    19
       Petrifying        |       |       |       |       |     1 |       ||     1
       Petrified         |       |       |       |       |     1 |       ||     1
Armor: Robe              |    12 |    19 |    20 |    48 |    95 |    46 ||   240
       Scale mail        |       |       |       |    43 |       |       ||    43
       Ring mail         |       |       |       |       |    30 |       ||    30
Dodge: Dodged            |    38 |    46 |   153 |   321 |   421 |   144 ||  1123
Block: Other             |       |       |       |    73 |   116 |    24 ||   213
       Reflection        |       |       |       |     8 |     1 |       ||     9
